 Dungeon Crawl Stone Soup version 0.19.4-8-ga85b6b9 (webtiles) character file.

635 Naow the Cleaver (level 7, -9/64 HPs)
             Began as a Minotaur Berserker on Feb 10, 2017.
             Was a Priest of Trog.
             Mangled by an ogre
             ... wielding a +0 giant spiked club
              (28 damage)
             ... on level 5 of the Dungeon.
             The game lasted 00:05:34 (4364 turns).

Naow the Cleaver (Minotaur Berserker)               Turns: 4364, Time: 00:05:35

Health: -9/64      AC:  2    Str: 22    XL:     7   Next: 25%
Magic:  6/6        EV: 12    Int:  8    God:    Trog [***...]
Gold:   192        SH:  0    Dex:  9    Spells: 0 memorised, 6 levels left

rFire  . . .     SeeInvis .     a - +0 hand axe
rCold  . . .     Gourm    .     b - +0 animal skin
rNeg   . . .     Faith    .     (no shield)
rPois  +         Spirit   .     (helmet restricted)
rElec  .         Reflect  .     y - -1 cloak (curse)
rCorr  .         Harm     .     (no gloves)
MR     ++...                    (no boots)
Stlth  +.........               (no amulet)
                                s - +2 ring of intelligence
                                d - ring of poison resistance

@: exhausted, regenerating
A: retaliatory headbutt, horns 2
a: Berserk, Trog's Hand, Burn Spellbooks, Renounce Religion


You were on level 5 of the Dungeon.
You worshipped Trog.
Trog was most pleased with you.
You were near starving.

You visited 1 branch of the dungeon, and saw 5 of its levels.
You also visited: Sewer.

You collected 192 gold pieces.

Inventory:

Hand Weapons
 a - a +0 hand axe (weapon)
Armour
 b - a +0 animal skin (worn)
 y - a cursed -1 cloak (worn)
Jewellery
 d - a ring of poison resistance (left hand)
 s - a +2 ring of intelligence (right hand)
Scrolls
 e - 3 scrolls of amnesia {unknown}
 f - 5 scrolls of identify {unknown}
 h - 5 scrolls of teleportation {unknown}
 l - 5 scrolls of recharging {unknown}
 n - a scroll of remove curse {unknown}
 o - a scroll of random uselessness {unknown}
 q - 2 scrolls of blinking {unknown}
 v - a scroll of noise {unknown}
 w - a scroll of fear {unknown}
 x - a scroll of enchant weapon {unknown}
Potions
 g - a potion of ambrosia {unknown}
 j - 4 potions of flight {unknown}
 k - a potion of lignification {unknown}
 m - 2 potions of might {unknown}
 r - 2 potions of brilliance {unknown}
Books
 p - a book of Maledictions

   Spells                             Type                      Level
   a - Corona                         Hexes                        1
   b - Ensorcelled Hibernation        Hexes/Ice                    2
   c - Confuse                        Hexes                        3
   d - Tukima's Dance                 Hexes                        3
   e - Dazzling Spray                 Conjuration/Hexes            3
   Trog disapproves of the use of such an item.
Comestibles
 c - 5 bread rations
 i - a beef jerky
 t - 3 fruits


   Skills:
 + Level 6.3 Fighting
 * Level 8.7 Axes
 - Level 2.4 Armour
 - Level 2.1 Dodging


You had 6 spell levels left.
You didn't know any spells.

Dungeon Overview and Level Annotations

Branches:
Dungeon (5/15)             Temple (0/1) D:4

Altars:
Dithmenos
Elyvilon
Kikubaaqudgha
Makhleb
Qazlal


Innate Abilities, Weirdness & Mutations

You reflexively headbutt those who attack you in melee.
You have a pair of horns on your head.


Message History

The ogre barely misses you.
Eat a chunk of flesh? (ye/n/q)
You start eating the chunk of flesh.
The ogre hits you with a giant spiked club!
This raw flesh tastes terrible.
You are feeling very hungry.
Your skin crawls.
You feel resistant to hostile enchantments.
You are near starving!
The ogre hits you with a giant spiked club!
* * * LOW HITPOINT WARNING * * *
The ogre closely misses you.
Found a stone staircase leading down.
A hound comes into view.
You feel yourself speed up.
The hound barks!
There is a stone staircase leading down here.
You hear the hiss of a distant avalanche of sand.
The ogre hits you with a giant spiked club!!
You die...

# #.##.#######
........hO@#
.#####.####
#####.####
#........#
#........#
#........#
#......^.#
#........#
#.#####'######.


You could see an ogre and a hound.

Vanquished Creatures
  Eustachio (D:4)
  A phantom (D:4)
  2 howler monkeys (D:4)
  An orc priest (D:4)
  2 orc wizards
  3 worker ants (D:4)
  3 gnolls (D:3)
  5 adders
  4 worms
  A dart slug (D:2)
  4 leopard geckos
  6 orcs
  4 ball pythons
  15 bats
  2 giant cockroaches
  4 goblins
  5 hobgoblins
  9 jackals
  5 kobolds
  2 quokkas (D:3)
  4 frilled lizards
  A leopard gecko zombie (D:5)
  5 rats
89 creatures vanquished.

Notes
Turn   | Place    | Note
-------+----------+-------------------------------------------
     0 | D:1      | Naow the Minotaur Berserker began the quest for the Orb.
     0 | D:1      | Reached XP level 1. HP: 19/19 MP: 0/0
   246 | D:1      | Reached skill level 4 in Axes
   365 | D:1      | Reached XP level 2. HP: 27/27 MP: 1/1
   891 | D:2      | Reached XP level 3. HP: 33/33 MP: 2/2
   909 | D:2      | Reached ** piety under Trog
  1288 | D:3      | Reached skill level 5 in Axes
  1292 | D:3      | Reached XP level 4. HP: 32/41 MP: 3/3
  1791 | D:3      | Found a burning altar of Makhleb.
  2000 | D:3      | Found a shadowy altar of Dithmenos.
  2006 | D:3      | Found a white marble altar of Elyvilon.
  2234 | D:4      | Reached skill level 5 in Fighting
  2234 | D:4      | Reached skill level 6 in Axes
  2234 | D:4      | Reached XP level 5. HP: 48/48 MP: 4/4
  2335 | D:4      | Noticed Eustachio
  2355 | D:4      | Killed Eustachio
  2355 | D:4      | Reached skill level 7 in Axes
  2355 | D:4      | Reached XP level 6. HP: 45/57 MP: 5/5
  2522 | D:4      | HP: 2/57 [poisoned by a worker ant]
  2673 | D:4      | Found a glowing drain.
  2679 | Sewer    | Entered a sewer
  3193 | D:4      | Reached skill level 8 in Axes
  3284 | D:4      | Found an ancient bone altar of Kikubaaqudgha.
  3306 | D:4      | Found a staircase to the Ecumenical Temple.
  3437 | D:4      | Reached *** piety under Trog
  3728 | D:4      | Reached XP level 7. HP: 59/63 MP: 6/6
  3961 | D:4      | Found a stormy altar of Qazlal.
  4123 | D:5      | Entered Level 5 of the Dungeon
  4364 | D:5      | Mangled by an ogre

Skill      XL: |  1  2  3  4  5  6 |
---------------+-------------------+-----
Axes           | 4 5 6 7 8 |  8.7
Fighting       | 4 5 6 |  6.3
Armour         | |  2.4
Dodging        | |  2.1

Action                   |  1- 3 |  4- 6 |  7- 9 || total
-------------------------+-------+-------+-------++-------
Melee: Hand axe          |    56 |   151 |    20 ||   227
       Headbutt          |     8 |    22 |     5 ||    35
Invok: Berserk           |       |     4 |     1 ||     5
       Trog's Hand       |       |     2 |     1 ||     3
  Eat: Chunk             |     1 |    12 |     1 ||    14
       Beef jerky        |       |       |     1 ||     1
Armor: Animal skin       |     8 |    15 |     1 ||    24
Dodge: Dodged            |    45 |    99 |    12 ||   156
